 Dungeon Crawl Stone Soup version 0.21.1-1-g345015f (webtiles) character file.

25511 Mgcat the Transmogrifier (level 12, 0/113 HPs)
             Began as a Troll Transmuter on Mar 11, 2018.
             Was the Champion of Okawaru.
             Slain by a hippogriff (5 damage)
             ... on level 3 of the Lair of Beasts.
             The game lasted 00:46:31 (14412 turns).

Mgcat the Transmogrifier (Troll Transmuter)        Turns: 14412, Time: 00:46:32

Health: 0/113      AC: 14    Str: 24    XL:     12   Next: 90%
Magic:  6/18       EV:  9    Int: 10    God:    Okawaru [******]
Gold:   381        SH:  0    Dex: 13    Spells: 6/21 levels left

rFire    . . .     SeeInvis .     - Unarmed
rCold    . . .     Gourm    +   (shield currently unavailable)
rNeg     + + .     Faith    +   A - +0 acid dragon scales
rPois    .         Spirit   .   y - +2 hat
rElec    .         Reflect  .   I - +1 cloak of Ziti {+Fly rN+ MR+ Str+3}
rCorr    +         Harm     .   (gloves unavailable)
MR       +....                  (boots unavailable)
Stlth    +.........             E - amulet of faith {Faith, !P}
HPRegen  0.68/turn              g - ring of positive energy {rN+}
MPRegen  0.16/turn              G - ring of resist corrosion

@: lethally poisoned (0 -> 0), about to teleport, blade hands, very slightly
contaminated
A: large, unfitting armour, claws 3, fast metabolism 3, gourmand, regeneration
1, shaggy fur 1, tough skin 2
a: End Transformation, Heroism, Finesse, Renounce Religion, Evoke Flight


You were on level 3 of the Lair of Beasts.
You worshipped Okawaru.
Okawaru was exalted by your worship.
You were near starving.
You had blades for hands.
You visited 3 branches of the dungeon, and saw 15 of its levels.
You also visited: Sewer.

You collected 618 gold pieces.
You spent 237 gold pieces at shops.

Inventory:

Missiles
 a - 285 arrows
 e - 5 silver tomahawks (quivered)
 x - 17 tomahawks
 z - a throwing net {=f, !d}
Armour
 r - a scarf of resistance
   (Okawaru gifted it to you on level 11 of the Dungeon)
 u - the +4 shadow dragon scales of the Hanged Man {-Tele rElec rC+ Str+4 Stlth++++}
   (You acquired it on level 8 of the Dungeon)

   It affects your strength (+4).
   It protects you from cold.
   It insulates you from electricity.
   It prevents most forms of teleportation.
   It makes you much more stealthy.
 y - a +2 hat (worn)
   (Okawaru gifted it to you on level 1 of the Lair of Beasts)
 A - +0 acid dragon scales (worn)
   (You found it on level 11 of the Dungeon)
 I - the +1 cloak of Ziti (worn) {+Fly rN+ MR+ Str+3}
   (You bought it in a shop on level 8 of the Dungeon)

   It affects your strength (+3).
   It protects you from negative energy.
   It affects your resistance to hostile enchantments.
   It lets you fly.
Magical Staves
 c - an uncursed staff of energy {+MP, hungerless spells, !d!a@w1}
   (You found it on level 1 of the Lair of Beasts)
 H - an uncursed staff of air {rElec}
   (You found it on level 8 of the Dungeon)
Jewellery
 g - a ring of positive energy (left scythe-like blade) {rN+}
   (You found it on level 1 of the Lair of Beasts)
 s - an uncursed ring of flight {+Fly, !d}
   (You found it on level 4 of the Dungeon)
 D - an uncursed ring of magical power {MP+9}
   (You found it on level 6 of the Dungeon)
 E - an amulet of faith (around neck) {Faith, !P}
   (You found it on level 7 of the Dungeon)
 F - an uncursed amulet of regeneration {+regen, !d}
   (You found it on level 7 of the Dungeon)
 G - a ring of resist corrosion (right scythe-like blade)
   (You found it on level 7 of the Dungeon)
Wands
 w - a wand of digging (12)
   (You found it on level 5 of the Dungeon)
 B - a wand of random effects (11)
   (You found it on level 6 of the Dungeon)
 N - a wand of paralysis (35)
   (You took it off a centaur on level 11 of the Dungeon)
 O - a wand of flame (46)
   (You found it on level 11 of the Dungeon)
Scrolls
 i - 9 scrolls of remove curse
 j - 5 scrolls of teleportation
 k - 4 scrolls of identify
 l - 4 scrolls of immolation {!r}
 m - a scroll of enchant armour {unknown}
 C - 2 scrolls of amnesia
 L - a scroll of magic mapping {!r}
 P - a scroll of fear
Potions
 f - 3 potions of cancellation
 h - a potion of resistance
 n - 4 potions of brilliance
 p - 2 potions of mutation {!q}
 q - 3 potions of magic
 v - 2 potions of degeneration {!q}
 J - a potion of lignification {!q}
 M - a potion of flight {unknown}
 Q - a potion of haste {unknown}
Comestibles
 d - 26 rations


   Skills:
 - Level 5.7 Fighting
 - Level 5.0 Armour
 - Level 1.5 Dodging
 - Level 8.7 Unarmed Combat
 - Level 5.0 Spellcasting
 + Level 10.8 Transmutations
 + Level 4.0 Ice Magic
 - Level 5.1 Poison Magic
 + Level 3.0 Invocations


You had 6 spell levels left.
You knew the following spells:

 Your Spells              Type           Power        Failure   Level  Hunger
a - Beastly Appendage     Tmut           ###...       10%         1    None
b - Sticks to Snakes      Tmut           ###.....     12%         2    ##.....
c - Spider Form           Tmut/Pois      ###.......   26%         3    ###....
d - Ice Form              Ice/Tmut       ###.....     52%         4    ####...
e - Blade Hands           Tmut           ###.......   43%         5    ######.


Dungeon Overview and Level Annotations

Branches:
Dungeon (11/15)            Temple (1/1) D:5            Lair (3/6) D:10
 Spider (0/4) Lair:2          Orc (0/2) D:11
  Swamp: Lair:2-4    Shoals: Lair:2-4

Altars:
Ashenzari
Cheibriados
Dithmenos
Elyvilon
Fedhas
Gozag
Hepliaklqana
Kikubaaqudgha
Makhleb
Nemelex Xobeh
Okawaru
Qazlal
Ru
Sif Muna
Trog
Uskayaw
Vehumet
Wu Jian
Xom
Yredelemnul
Zin
The Shining One

Shops:
D:7 *   D:8 }*?=


Innate Abilities, Weirdness & Mutations

You are too large for most types of armour.
You have claws for hands.
Your metabolism is lightning-fast.
You like to eat raw meat.
Your natural rate of healing is unusually fast.
You are covered in fur. (AC +1)
You have very tough skin. (AC +2)


Message History

The spiny frog is almost dead.
You feel sick.
You hear a bellow!
The spiny frog stings you but does no damage.
The spiny frog stings you!
You hear a bellow! x3
You hit the spiny frog but do no damage.
The spiny frog is almost dead.
You feel sick.
The spiny frog stings you but does no damage.
The spiny frog stings you.
You slash the spiny frog!
You kill the spiny frog!
Okawaru accepts your kill.
You feel sick. The spiny frog barely misses you.
The wolf howls!
You hit the spiny frog.
The spiny frog is lightly wounded.
You feel sick.
You hear a howl!
The wolf pauses to sniff the ground.
You slash the spiny frog!
The spiny frog is moderately wounded.
Your transformation is almost over.
You feel sick. The spiny frog stings you!
You shred the spiny frog!!!
You kill the spiny frog!
Okawaru accepts your kill. Something appears at your feet!
Okawaru grants you a weapon!
You feel sick.
A wolf comes into view.
Unknown command.
You slice the crocodile!!
You kill the crocodile!
Okawaru accepts your kill.
You feel sick.
You hear a howl!
You hit the spiny frog but do no damage.
The wolf bites something!
The wolf closely misses you. The spiny frog stings you.
You slice the spiny frog!!
The spiny frog is almost dead.
You feel sick. The wolf bites you!
The wolf bites the fungus.
The spiny frog stings you!
* * * LOW HITPOINT WARNING * * *
A crocodile comes into view.
You slice the spiny frog!!
You kill the spiny frog!
Okawaru accepts your kill.
Your Ice Magic skill increases to level 4!
Your Invocations skill increases to level 3!
The wolf closely misses you.
You barely miss the wolf.
You feel sick. The wolf bites you but does no damage.
The wolf bites the fungus!
The wolf bites the fungus.
The wolf bites you but does no damage. The wolf closely misses you.
You feel sick.
The wolf completely misses something.
A hippogriff comes into view.
The wolf bites something.
Your hands revert to their normal proportions.
You feel sick. The wolf closely misses you.
Casting: Blade Hands
Confirm with . or Enter, or press ? or * to list all spells.
You miscast Blade Hands.
You are very lightly contaminated with residual magic.
The air around you crackles with energy!
You are feeling very hungry.
The wolf bites you but does no damage.
Casting: Blade Hands
Confirm with . or Enter, or press ? or * to list all spells.
Your hands turn into razor-sharp scythe blades.
You are near starving!
You feel sick. The wolf barely misses you. x2
The wolf bites you but does no damage.
You closely miss the wolf. The wolf bites you!
* * * LOW HITPOINT WARNING * * *
The wolf bites you.
* * * LOW HITPOINT WARNING * * *
The wolf barely misses you. The hippogriff bites you.
* * * LOW HITPOINT WARNING * * *
The hippogriff barely misses you. x2
You slash the wolf!
The wolf is severely wounded.
The wolf barely misses you. The wolf bites you!
* * * LOW HITPOINT WARNING * * *
As you read the scroll of teleportation, it crumbles to dust.
You feel strangely unstable.
You feel sick.
The wolf bites you but does no damage. x2
The hippogriff bites you but does no damage.
The hippogriff completely misses you. The hippogriff claws you.
* * * LOW HITPOINT WARNING * * *
The wolf completely misses you. The wolf bites you.
* * * LOW HITPOINT WARNING * * *
You slice the wolf!!
You kill the wolf!
Okawaru accepts your kill.
The hippogriff bites you but does no damage.
The hippogriff pecks you but does no damage.
The hippogriff claws you.
You die...

P.... ##.#..#
#.....# #..P.##
# #..... ..
##.....
..#...#H##
.....#h@# .
#..#h######...
#..hh.#Ph.....
#.....h†hh....
##....#h.(.##..
###..###r..#...
#...##Pt.....
##...P#......P
#P...P........


You could see a hippogriff and 4 wolves.

Vanquished Creatures
  4 hydras
  A two-headed ogre (D:9)
  An ugly thing (D:6)
  The ghost of Baghtru the Ducker, a novice OpFi of Jiyva (D:6)
  4 elephants (Lair:3)
  2 torpor snails (Lair:3)
  6 spiny frogs
  14 komodo dragons
  A troll (D:10)
  A hornet (D:10)
  7 blink frogs
  2 dream sheep (D:8)
  3 hippogriffs
  Sigmund (D:2)
  2 wyverns
  8 yaks
  Grum (D:8)
  A basilisk (Lair:1)
  2 acid dragons (D:11)
  5 water moccasins
  5 porcupines
  A black bear (D:10)
  A necrophage (D:5)
  7 orc warriors
  A phantom (D:9)
  A sky beast (D:9)
  2 eyes of draining
  4 ice beasts
  8 wolves
  5 ogres
  6 centaurs
  4 crocodiles
  5 big kobolds
  11 bullfrogs
  A wyvern zombie (D:11)
  2 gnoll sergeants
  4 scorpions
  8 wights (D:11)
  6 electric eels
  4 centaur zombies
  7 crimson imps
  15 hounds
  2 bullfrog zombies
  2 centaur skeletons
  6 orc priests
  3 bullfrog skeletons
  3 jellies
  Jessica (D:2)
  An iguana (D:7)
  15 orc wizards
  10 worker ants
  A killer bee zombie (D:7)
  A hound zombie (D:8)
  3 mummies (D:11)
  4 hound skeletons
  2 worker ant zombies
  A howler monkey skeleton (D:10)
  A howler monkey zombie (D:9)
  18 adders
  10 gnolls
  2 river rats (Sewer)
  4 shadow imps
  3 adder skeletons
  An adder zombie (D:9)
  4 worms
  A dart slug (D:2)
  7 leopard geckos
  46 orcs
  8 ball pythons
  4 bats
  8 giant cockroaches
  8 goblins
  12 hobgoblins
  2 jackals (D:2)
  21 kobolds
  6 quokkas
  10 frilled lizards
  A jackal zombie (D:7)
  2 quokka skeletons
  A quokka zombie (D:5)
  11 rats
421 creatures vanquished.

Vanquished Creatures (collateral kills)
  An ogre (D:11)
  A bullfrog zombie (D:11)
  2 gnolls (D:11)
  An orc (D:11)
5 creatures vanquished.

Vanquished Creatures (others)
  A kobold (D:6)
  4 fungi
  4 plants
9 creatures vanquished.

Grand Total: 435 creatures vanquished

Notes
Turn   | Place    | Note
-------+----------+-------------------------------------------
     0 | D:1      | Mgcat the Troll Transmuter began the quest for the Orb.
     0 | D:1      | Reached XP level 1. HP: 18/18 MP: 1/1
    25 | D:1      | Reached skill level 1 in Fighting
    69 | D:1      | Reached XP level 2. HP: 27/27 MP: 2/2
   309 | D:1      | Reached XP level 3. HP: 35/35 MP: 3/3
   447 | D:1      | Reached skill level 2 in Fighting
   909 | D:2      | Reached skill level 4 in Unarmed Combat
   961 | D:2      | Reached XP level 4. HP: 42/42 MP: 4/4
  1035 | D:2      | Found an opulent altar of Gozag.
  1109 | D:2      | Noticed Jessica
  1113 | D:2      | Killed Jessica
  1182 | D:2      | Found an ornate altar of the Wu Jian Council.
  1183 | D:2      | Found a glowing silver altar of Zin.
  1183 | D:2      | Found a white marble altar of Elyvilon.
  1250 | D:2      | Noticed Sigmund
  1264 | D:2      | HP: 8/44 [something/puff of flame (6)]
  1265 | D:2      | Killed Sigmund
  1265 | D:2      | Reached skill level 3 in Fighting
  1265 | D:2      | Reached skill level 5 in Unarmed Combat
  1265 | D:2      | Reached XP level 5. HP: 10/53 MP: 5/5
  1265 | D:2      | Reached XP level 6. HP: 12/61 MP: 6/6
  1815 | D:3      | Found a shadowy altar of Dithmenos.
  1873 | D:3      | Reached skill level 4 in Fighting
  2012 | D:3      | Found a glowing drain.
  2031 | Sewer    | Entered a sewer
  2073 | Sewer    | Reached skill level 6 in Unarmed Combat
  2112 | Sewer    | Reached XP level 7. HP: 70/70 MP: 7/7
  3426 | D:4      | Found a shimmering altar of Xom.
  3644 | D:4      | Reached skill level 5 in Fighting
  3691 | D:4      | Reached skill level 7 in Unarmed Combat
  3782 | D:3      | HP: 16/72 [ice beast (9)]
  4095 | D:5      | Entered Level 5 of the Dungeon
  4203 | D:5      | Reached XP level 8. HP: 71/80 MP: 8/8
  4267 | D:5      | Reached skill level 8 in Unarmed Combat
  4273 | D:5      | Learned a level 2 spell: Sticks to Snakes
  4277 | D:5      | Learned a level 3 spell: Spider Form
  4494 | D:5      | Reached skill level 2 in Transmutations
  4544 | D:5      | Reached skill level 2 in Spellcasting
  4959 | D:5      | Found a staircase to the Ecumenical Temple.
  4968 | Temple   | Entered the Ecumenical Temple
  5444 | Temple   | Became a worshipper of Warmaster Okawaru
  5633 | D:6      | Noticed Baghtru's ghost (novice OpFi)
  5644 | D:6      | Killed Baghtru's ghost
  5644 | D:6      | Reached skill level 3 in Spellcasting
  5644 | D:6      | Reached skill level 3 in Transmutations
  5647 | D:6      | Reached XP level 9. HP: 48/88 MP: 8/12
  5802 | D:6      | Reached skill level 4 in Transmutations
  5884 | D:6      | Reached * piety under Okawaru
  6035 | D:6      | Noticed a brown ugly thing
  6051 | D:6      | HP: 22/88 [acid (6)]
  6053 | D:6      | HP: 10/88 [acid (10)]
  6058 | D:6      | Killed a brown ugly thing
  6058 | D:6      | Reached skill level 4 in Spellcasting
  6307 | D:6      | Found a stormy altar of Qazlal.
  6351 | D:6      | Reached skill level 5 in Transmutations
  6649 | D:7      | Reached ** piety under Okawaru
  6706 | D:7      | Reached skill level 1 in Poison Magic
  6710 | D:7      | Found Edghirofe's General Store.
  7254 | D:7      | Reached skill level 2 in Poison Magic
  7329 | D:8      | Identified a scroll of acquirement
  7330 | D:8      | Got brightly glowing shadow dragon scales
  7341 | D:8      | Identified the +4 shadow dragon scales of the Hanged Man {-Tele rElec rC+ Str+4 Stlth++++} (You acquired it on level 8 of the Dungeon)
  7353 | D:8      | Noticed Grum
  7361 | D:8      | Killed Grum
  7361 | D:8      | Reached XP level 10. HP: 89/96 MP: 14/16
  7380 | D:8      | Reached *** piety under Okawaru
  7382 | D:8      | Found Lydas's Jewellery Shop.
  7471 | D:8      | Reached skill level 5 in Spellcasting
  7471 | D:8      | Reached skill level 6 in Transmutations
  7488 | D:8      | Reached skill level 3 in Poison Magic
  7494 | D:8      | HP: 21/96 [yak (11)]
  7533 | D:8      | Noticed a two-headed hydra
  7549 | D:8      | Killed a two-headed hydra
  7549 | D:8      | Reached **** piety under Okawaru
  7549 | D:8      | Reached skill level 4 in Poison Magic
  7650 | D:8      | Found Xyptodd's Magic Scroll Shoppe.
  7769 | D:8      | Found Wist's Gadget Boutique.
  7953 | D:8      | Found Okis Hytisk's Assorted Antiques.
  7961 | D:8      | Bought a spiked cloak for 237 gold pieces
  7971 | D:8      | Identified the +1 cloak of Ziti {+Fly rN+ MR+ Str+3} (You bought it in a shop on level 8 of the Dungeon)
  8344 | D:8      | Found a hide-covered altar of Uskayaw.
  8444 | D:9      | Reached skill level 7 in Transmutations
  8483 | D:9      | Reached ***** piety under Okawaru
  8634 | D:9      | Found a burning altar of Makhleb.
  8660 | D:9      | Noticed a two-headed ogre
  8668 | D:9      | Killed a two-headed ogre
  8668 | D:9      | Reached skill level 5 in Poison Magic
  8763 | D:9      | Reached XP level 11. HP: 102/102 MP: 17/17
  8786 | D:9      | Reached skill level 8 in Transmutations
  8990 | D:9      | Found a sparkling altar of Nemelex Xobeh.
  9106 | D:10     | Entered Level 10 of the Dungeon
  9397 | D:10     | Found a staircase to the Lair.
  9769 | D:10     | Paralysed by a hornet for 1 turns
  9952 | D:11     | Received a gift from Okawaru
  9952 | D:11     | Reached skill level 9 in Transmutations
 10206 | D:11     | Found a staircase to the Orcish Mines.
 10543 | D:11     | HP: 18/102 [ogre/giant club (8)]
 10949 | Lair:1   | Entered Level 1 of the Lair of Beasts
 10955 | Lair:1   | Learned a level 4 spell: Ice Form
 10961 | Lair:1   | Learned a level 5 spell: Blade Hands
 10982 | Lair:1   | Reached ****** piety under Okawaru
 10990 | Lair:1   | Reached skill level 10 in Transmutations
 11124 | Lair:1   | Reached skill level 1 in Armour
 11658 | Lair:1   | Reached skill level 2 in Armour
 11670 | Lair:1   | Received a gift from Okawaru
 11672 | Lair:1   | Reached XP level 12. HP: 111/111 MP: 18/18
 11983 | Lair:2   | Found a hole to the Spider Nest.
 12087 | Lair:2   | Noticed a four-headed hydra
 12126 | Lair:2   | HP: 28/113 [four-headed hydra (18)]
 12266 | Lair:2   | HP: 23/113 [four-headed hydra (12)]
 12266 | Lair:2   | HP: 8/113 [four-headed hydra (11)]
 12272 | Lair:2   | HP: 4/113 [porcupine (9)]
 12302 | Lair:2   | HP: 16/113 [porcupine (8)]
 12308 | Lair:1   | HP: 26/113 [porcupine (6)]
 12309 | Lair:1   | HP: 12/113 [porcupine's spines (14)]
 12310 | Lair:1   | HP: 3/113 [porcupine's spines (10)]
 12760 | Lair:2   | HP: 11/113 [komodo dragon (24)]
 12915 | Lair:2   | HP: 24/113 [komodo dragon (25)]
 12919 | Lair:2   | Reached skill level 1 in Ice Magic
 13060 | Lair:2   | Reached skill level 3 in Armour
 13089 | Lair:2   | Reached skill level 2 in Ice Magic
 13172 | Lair:2   | HP: 27/113 [komodo dragon (25)]
 13238 | Lair:2   | Reached skill level 4 in Armour
 13273 | Lair:2   | Noticed a five-headed hydra
 13282 | Lair:2   | Killed a five-headed hydra
 13381 | Lair:2   | Killed a four-headed hydra
 13381 | Lair:2   | Reached skill level 3 in Ice Magic
 13492 | Lair:2   | Reached skill level 1 in Invocations
 13765 | Lair:3   | Noticed a seven-headed hydra
 13776 | Lair:3   | HP: 24/135 [seven-headed hydra (12)]
 13777 | Lair:3   | Killed a seven-headed hydra
 13781 | Lair:3   | HP: 18/135 [porcupine (6)]
 14000 | Lair:3   | Found a snail-covered altar of Cheibriados.
 14053 | Lair:3   | Received a gift from Okawaru
 14053 | Lair:3   | Reached skill level 2 in Invocations
 14094 | Lair:3   | Noticed an eight-headed hydra
 14105 | Lair:3   | HP: 33/135 [eight-headed hydra (4)]
 14269 | Lair:3   | Received a gift from Okawaru
 14274 | Lair:3   | HP: 25/113 [elephant (5)]
 14275 | Lair:3   | HP: 11/113 [elephant (13)]
 14279 | Lair:3   | Reached skill level 5 in Armour
 14398 | Lair:3   | Received a gift from Okawaru
 14402 | Lair:3   | Reached skill level 4 in Ice Magic
 14402 | Lair:3   | Reached skill level 3 in Invocations
 14409 | Lair:3   | HP: 26/113 [wolf (7)]
 14410 | Lair:3   | HP: 11/113 [wolf (9)]
 14411 | Lair:3   | HP: 5/113 [wolf (1)]
 14412 | Lair:3   | Slain by a hippogriff

Skill      XL: |  1  2  3  4  5  6  7  8  9 10 11 12 |
---------------+-------------------------------------+-----
Fighting       | 1 2 3 4 5 |  5.7
Unarmed Combat | 4 5 6 7 8 |  8.7
Transmutations | 3 5 7 10 | 10.8
Spellcasting   | 3 4 5 |  5.0
Poison Magic   | 2 5 |  5.1
Armour         | 2 5 |  5.0
Ice Magic      | 4 |  4.0
Invocations    | 3 |  3.0
Dodging        | |  1.5

Action                   |  1- 3 |  4- 6 |  7- 9 | 10-12 || total
-------------------------+-------+-------+-------+-------++-------
Melee: Unarmed           |    79 |   143 |   448 |   766 ||  1436
       Punch             |     1 |       |    10 |    28 ||    39
       Kick              |       |     3 |    35 |    55 ||    93
       Headbutt          |       |       |    14 |    42 ||    56
Throw: Tomahawk          |       |       |     1 |       ||     1
 Cast: Beastly Appendage |       |     7 |    29 |    41 ||    77
       Sticks to Snakes  |       |       |     7 |     9 ||    16
       Spider Form       |       |       |       |    11 ||    11
       Blade Hands       |       |       |       |    13 ||    13
       Ice Form          |       |       |       |     5 ||     5
Invok: Heroism           |       |       |       |     2 ||     2
Evoke: Wand              |       |       |     3 |    15 ||    18
  Use: Scroll            |     5 |     2 |     4 |    20 ||    31
       Potion            |       |       |       |     9 ||     9
 Stab: Distracted        |       |       |     1 |       ||     1
       Sleeping          |       |       |     1 |     4 ||     5
  Eat: Chunk             |    14 |    11 |    45 |    68 ||   138
Armor: Robe              |    27 |    43 |   105 |       ||   175
       Shadow dragon sca |       |       |     1 |   344 ||   345
       Acid dragon scale |       |       |       |    64 ||    64
       Skin              |       |       |       |    10 ||    10
Dodge: Dodged            |    37 |    50 |   182 |   324 ||   593

Vault maps used:
D:1:      zelgadis_glass_arrival_small
D:2:      grunt_gozag_breadcrumbs, nicolae_overflow_hidden_temple,
          kennysheep_jessica_study, uniq_sigmund
D:3:      lemuel_crystal_altar, first_ration, portal_sewer_entry_f,
          minmay_misc_feat_more_columns
D:4:      nicolae_overflow_crystal_walls
D:5:      temple_hall
D:6:      cheibrodos_thug_alley, grunt_qazlal_clouds, nzn_random_ring
D:7:      serial_shops, shop_fountains
D:8:      lemuel_doored_altar, serial_shops, shop_statue, shop,
          nicolae_shop_window_shopping, shop, enter_bailey_3, hangedman_ranch,
          item_on_display_a, uniq_grum
D:9:      lemuel_crystal_altar, marbit_many_paths
D:10:     erik_lair_island
D:11:     orc_0_dummy, serial_undead, serial_undead_f, serial_undead_d,
          serial_undead_a, serial_undead_c
Temple:   minmay_temple_forest_path
Lair:1:   nicolae_quartered_pool_medium
Lair:2:   spider_nest_entry_web_field, beast_lair_carwin_10
Lair:3:   lab_entry_generic, kennysheep_snail_temple, grunt_megastairs_4
Sewer:    sewer_co_cracked_pipes

Table legend:
 A = Turns spent in this place as a percentage of turns spent in the entire game.
 B = Non-inter-level travel turns spent in this place as a percentage of non-inter-level travel turns spent in the entire game.
 C = Inter-level travel turns spent in this place as a percentage of turns spent in this place.
 D = Turns resting spent in this place as a percentage of non-inter-level travel turns spent in this place.
 E = Turns spent auto-exploring this place as a percentage of non-inter-level travel turns spent in this place.
 F = Non-inter-level travel turns spent in this place divided by the number of levels of this place that you've seen.
                   A       B       C       D       E      F
               +-------+-------+-------+-------+-------+----------------------
         Total | 100.0 | 100.0 |   5.6 |   5.9 |  67.7 | 850.3
       Dungeon |  70.8 |  71.5 |   4.8 |   0.9 |  73.1 | 883.8
        Temple |   3.6 |   2.7 |  29.3 |   0.0 |  99.2 | 372.0
          Lair |  23.2 |  23.3 |   5.0 |  22.6 |  47.8 | 1058.7
         Sewer |   2.3 |   2.5 |   0.0 |   0.0 |  65.4 | 335.0
               +-------+-------+-------+-------+-------+----------------------

Table legend:
 A = Kills in this place as a percentage of kills in entire the game.
 B = Kills by you in this place as a percentage of kills by you in the entire game.
 C = Kills by friends in this place as a percentage of kills by friends in the entire game.
 D = Other kills in this place as a percentage of other kills in the entire game.
 E = Experience gained in this place as a percentage of experience gained in the entire game.
 F = Experience gained in this place divided by the number of levels of this place that you have seen.
                   A       B       C       D       E      F
               +-------+-------+-------+-------+-------+----------------------
         Total | 100.0 | 100.0 | 100.0 |   N/A | 100.0 | 2277.8
       Dungeon |  81.9 |  81.7 | 100.0 |   N/A |  48.4 | 1604.8
          Lair |  14.8 |  15.0 |   0.0 |   N/A |  51.4 | 6242.7
         Sewer |   3.3 |   3.3 |   0.0 |   N/A |   0.2 |  64.0
               +-------+-------+-------+-------+-------+----------------------
